 Dungeon Crawl Stone Soup version 0.29.1-15-g9cfb28693d (webtiles) character file.

Game seed: 10815526591428102153

10 protoss039 the Digger (level 2, 0/20 HPs)
             Began as a Demonspawn Earth Elementalist on Feb 28, 2023.
             Slain by a giant cockroach (2 damage)
             ... on level 1 of the Dungeon.
             The game lasted 00:01:01 (512 turns).

protoss039 the Digger (DsEE)                         Turns: 512, Time: 00:01:01

Health: 0/20       AC:  3    Str:  8    XL:     2   Next: 10%
Magic:  0/5        EV: 11    Int: 16    God:
Gold:   37         SH:  0    Dex: 13    Spells: 4/5 levels left

rFire   . . .      SeeInvis .   a - +0 club
rCold   . . .      Faith    .   (no shield)
rNeg    . . .      Spirit   .   c - +0 leather armour
rPois   .          Reflect  .   (no helmet)
rElec   .          Harm     .   (no cloak)
rCorr   .          Rampage  .   (no gloves)
Will    .....                   (no boots)
Stlth   ++........              (no amulet)
HPRegen 0.06/turn               (no ring)
MPRegen 0.09/turn               (no ring)

@: no status effects
A: hooves 1
a: no special abilities


You were on level 1 of the Dungeon.
You visited 1 branch of the dungeon, and saw 1 of its levels.

You collected 37 gold pieces.

Inventory:

Hand Weapons
 a - a +0 club (weapon)
Armour
 c - a +0 leather armour (worn)
Potions
 b - a potion of magic
 d - a potion of haste {unknown}
 e - 2 potions of heal wounds {unknown}
 f - 2 potions of mutation {unknown}


   Skills:
 + Level 0.8 Fighting
 - Level 1.7 Dodging
 - Level 1.7 Stealth
 + Level 2.2 Spellcasting
 - Level 0.8 Transmutations
 + Level 2.9 Earth Magic


You had 4 spell levels left.
You knew the following spells:

 Your Spells              Type           Power      Damage    Failure   Level
a - Sandblast             Erth           22%        2d7       9%          1

Your spell library contained the following spells:

 Spells                   Type           Power      Damage    Failure   Level
 Passwall                 Tmut/Erth      5%         N/A       21%         2
 Stone Arrow              Conj/Erth      12%        3d7       43%         3
 Petrify                  Tmut/Erth      7%         N/A       80%         4


Dungeon Overview and Level Annotations

Branches:
Dungeon (1/15) Zot: 5476

Altars:


Innate Abilities, Weirdness & Mutations

You have large cloven feet.


Message History

Unknown command.
Casting: Sandblast (safe; 9% risk of failure)
Confirm with . or Enter, or press ? or * to list all spells.
You don't have enough magic to cast this spell.
Unknown command.
Unknown command.
You hit the rat.
You kill the rat!
The bat hits you but does no damage.
You closely miss the bat. Your kick misses the bat. The bat misses you.
The bat closely misses you. The bat hits you but does no damage.
You closely miss the bat. Your kick misses the bat.
The bat hits you but does no damage. x2
The bat completely misses you. The bat hits you but does no damage.
You barely miss the bat. Your kick misses the bat. The bat hits you.
* * * LOW HITPOINT WARNING * * *
You hit the bat.
You kill the bat!
Casting: Sandblast (safe; 9% risk of failure)
Confirm with . or Enter, or press ? or * to list all spells.
Aiming: Sandblast (safe; 9% risk of failure)
Press: ? - help, Shift-Dir - straight line, f - hobgoblin
Aim: a hobgoblin (severely wounded, 82% to hit)
The blast of sand hits the giant cockroach.
The giant cockroach is lightly wounded.
The giant cockroach misses you. The giant cockroach barely misses you.
The giant cockroach bites you but does no damage.
The giant cockroach barely misses you.
Unknown command.
Unknown command.
You hit the giant cockroach but do no damage.
Your kick misses the giant cockroach.
The giant cockroach is lightly wounded.
The giant cockroach closely misses you. The giant cockroach misses you.
The giant cockroach bites you.
* * * LOW HITPOINT WARNING * * *
You closely miss the giant cockroach.
The giant cockroach is lightly wounded.
The giant cockroach barely misses you. The giant cockroach bites you.
You die...

############
###..........
###.........)##
#...##.........
#.####....#.### ###.#
#....# .### ###...#
#....## .#.# ####...###
#.....# ...
#....#...######B@###.#.##
..###......# ##B#gbB.B?#
...##......####.g#†#.#B##
.................†.###
.#.##......#####.###
.#.##......# #..
.#.##......# ####
...###.#.### #### #.#.#


You could see 2 giant cockroaches and a hobgoblin.

Vanquished Creatures
  An endoplasm (D:1)
  A giant cockroach (D:1)
  A hobgoblin (D:1)
  A ball python (D:1)
  2 bats (D:1)
  2 goblins (D:1)
  2 rats (D:1)
10 creatures vanquished.

Notes
Turn   | Place    | Note
-------+----------+-------------------------------------------
     0 | D:1      | protoss039 the Demonspawn Earth Elementalist began the
                  | quest for the Orb.
     0 | D:1      | Reached XP level 1. HP: 13/13 MP: 3/3
   501 | D:1      | Gained mutation: You have large cloven feet. [demonic
                  | ancestry]
   501 | D:1      | Reached XP level 2. HP: 4/20 MP: 0/5
   512 | D:1      | Slain by a giant cockroach

Illustrated notes

Levels and vault maps discovered:
D:1:      scummos_arrival_hexagon, layout_basic, minmay_indecisive_spiral

Action                   || total
-------------------------++-------
Melee: Club              ||    19
       Punch             ||     1
 Cast: Sandblast         ||    10
Armor: Leather armour    ||    26
Dodge: Dodged            ||    41
